| TOP OF THE 1ST |
|
Williston Water Wolves batting - Pitching for Bozeman Pheasants : RHP Tim Dodd
|
|
Pitching: RHP Tim Dodd
|
|
|
Batting: RHB Gil Marquez
|
0-0: Swinging Strike 0-1: Called Strike 0-2: Ground out 4-3 (Groundball, 34, EV 103.8 MPH)
|
|
Batting: LHB John Turner
|
0-0: Called Strike 0-1: Called Strike 0-2: Ball 1-2: Ball 2-2: Ball 3-2: Foul Ball, location: 2F 3-2: Ground out 4-3 (Groundball, 4, EV 109.4 MPH)
|
|
Batting: RHB Tom Pagnozzi
|
0-0: Called Strike 0-1: Fly out, F9 (Flyball, 89D, EV 85.6 MPH)
|
| Top of the 1st over - 0 runs, 0 hits, 0 errors, 0 left on base; Williston 0 - Bozeman 0 |
| BOTTOM OF THE 1ST |
|
Bozeman Pheasants batting - Pitching for Williston Water Wolves : LHP Steven Sitek
|
|
Pitching: LHP Steven Sitek
|
|
|
Batting: RHB Willie Picchioni
|
0-0: Ball 1-0: Foul Ball, location: 2F 1-1: Ball 2-1: Foul Ball, location: 2F 2-2: Ball 3-2: Foul Ball, location: 2F 3-2: Strikes out swinging
|
|
Batting: RHB John Duncan
|
0-0: Ball 1-0: Foul Ball, location: 2F 1-1: Ground out 6-3 (Groundball, 6, EV 91.9 MPH)
|
|
Batting: RHB Thomas Fettig
|
0-0: Called Strike 0-1: Ground out U3 (Groundball, 34, EV 100.0 MPH)
|
| Bottom of the 1st over - 0 runs, 0 hits, 0 errors, 0 left on base; Williston 0 - Bozeman 0 |
| TOP OF THE 2ND |
|
Williston Water Wolves batting - Pitching for Bozeman Pheasants : RHP Tim Dodd
|
|
Batting: RHB Pat Borders
|
0-0: Foul Ball, location: 2F 0-1: Called Strike 0-2: Ball 1-2: Foul Ball, location: 2F 1-2: Foul Ball, location: 2F 1-2: Ball 2-2: Ground out 6-3 (Groundball, 56, EV 110.0 MPH)
|
|
Batting: SHB Devon White
|
0-0: Ball 1-0: SINGLE (Groundball, 13, EV 80.0 MPH) (infield hit)
|
|
Batting: RHB Paul Noce
|
0-0: Called Strike 0-1: TRIPLE (Line Drive, 9LD, EV 106.9 MPH) Devon White scores
|
|
Batting: LHB John Mitchell
|
0-0: Foul Ball, location: 2F 0-1: Foul Ball, location: 2F 0-2: SINGLE (Groundball, 34D, EV 95.0 MPH) Paul Noce scores
|
|
Batting: RHB Robby Thompson
|
0-0: Ball 1-0: Ball 2-0: Fly out, F7 (Flyball, 7D, EV 96.9 MPH)
|
|
Batting: RHB Mark Kaeterle
|
0-0: Called Strike 0-1: Foul Ball, location: 2F 0-2: Ball 1-2: Ball 2-2: Ball 3-2: Strikes out swinging, 2-3 out at first.
|
| Top of the 2nd over - 2 runs, 3 hits, 0 errors, 1 left on base; Williston 2 - Bozeman 0 |
| BOTTOM OF THE 2ND |
|
Bozeman Pheasants batting - Pitching for Williston Water Wolves : LHP Steven Sitek
|
|
Batting: LHB David Nix
|
0-0: Called Strike 0-1: Swinging Strike 0-2: Strikes out swinging
|
|
Batting: LHB Steve Padia
|
0-0: Ball 1-0: Fly out, F7 (Flyball, 7D, EV 96.9 MPH)
|
|
Batting: LHB Russ Orrick
|
0-0: Ball 1-0: Ball 2-0: Fly out, F8 (Flyball, 8LM, EV 92.5 MPH)
|
| Bottom of the 2nd over - 0 runs, 0 hits, 0 errors, 0 left on base; Williston 2 - Bozeman 0 |
| TOP OF THE 3RD |
|
Williston Water Wolves batting - Pitching for Bozeman Pheasants : RHP Tim Dodd
|
|
Batting: RHB Gil Marquez
|
0-0: Swinging Strike 0-1: Ball 1-1: Fly out, F9 (Line Drive, 9D, EV 86.9 MPH)
|
|
Batting: LHB John Turner
|
0-0: Foul Ball, location: 2F 0-1: Swinging Strike 0-2: Ball 1-2: Strikes out swinging
|
|
Batting: RHB Tom Pagnozzi
|
0-0: Swinging Strike 0-1: Ball 1-1: Foul Ball, location: 2F 1-2: Strikes out swinging
|
| Top of the 3rd over - 0 runs, 0 hits, 0 errors, 0 left on base; Williston 2 - Bozeman 0 |
| BOTTOM OF THE 3RD |
|
Bozeman Pheasants batting - Pitching for Williston Water Wolves : LHP Steven Sitek
|
|
Batting: RHB Tom Duggan
|
0-0: Called Strike 0-1: Ball 1-1: SINGLE (Flyball, 89S, EV 98.8 MPH)
|
|
Batting: LHB Billy Fink
|
0-0: Ball 1-0: Called Strike 1-1: Ball 2-1: Swinging Strike 2-2: Strikes out swinging
|
|
Batting: RHB Greg Toler
|
0-0: Foul Ball, location: 2F 0-1: SINGLE (Line Drive, 4D, EV 109.4 MPH) Tom Duggan to second
|
|
Batting: RHB Willie Picchioni
|
0-0: Ball 1-0: SINGLE (Flyball, 8LS, EV 91.9 MPH) Tom Duggan to third Greg Toler to second
|
|
Batting: RHB John Duncan
|
0-0: Called Strike 0-1: Foul Ball, location: 2F 0-2: Foul Ball, location: 2F 0-2: Ball 1-2: Ball 2-2: Strikes out swinging
|
|
Batting: RHB Thomas Fettig
|
0-0: Called Strike 0-1: Ball 1-1: Ball 2-1: Fielders Choice at 2nd, 5-4 (Groundball, 5, EV 106.3 MPH)
|
| Bottom of the 3rd over - 0 runs, 3 hits, 0 errors, 3 left on base; Williston 2 - Bozeman 0 |
| TOP OF THE 4TH |
|
Williston Water Wolves batting - Pitching for Bozeman Pheasants : RHP Tim Dodd
|
|
Batting: RHB Pat Borders
|
0-0: Called Strike 0-1: SINGLE (Flyball, 89S, EV 99.4 MPH)
|
|
Batting: SHB Devon White
|
0-0: Ball 1-0: Fly out, F9 (Flyball, 89XD, EV 108.1 MPH)
|
|
Batting: RHB Paul Noce
|
0-0: Fly out, F8 (Flyball, 89XD, EV 106.3 MPH)
|
|
Batting: LHB John Mitchell
|
0-0: Ball 1-0: Ball 2-0: SINGLE (Flyball, 9LS, EV 98.8 MPH) Pat Borders to second Runner from 2nd tries for 3rd, SAFE, throw by RF made to third
|
|
Batting: RHB Robby Thompson
|
0-0: Called Strike 0-1: Ball 1-1: Swinging Strike 1-2: Foul Ball, location: 2F 1-2: Strikes out swinging
|
| Top of the 4th over - 0 runs, 2 hits, 0 errors, 2 left on base; Williston 2 - Bozeman 0 |
| BOTTOM OF THE 4TH |
|
Bozeman Pheasants batting - Pitching for Williston Water Wolves : LHP Steven Sitek
|
|
Batting: LHB David Nix
|
0-0: Ball 1-0: Swinging Strike 1-1: Ball 2-1: Foul Ball, location: 2F 2-2: Foul Ball, location: 2F 2-2: Fly out, F8 (Flyball, 89S, EV 88.1 MPH)
|
|
Batting: LHB Steve Padia
|
0-0: Foul Ball, location: 2F 0-1: Foul Ball, location: 2F 0-2: Fly out, F9 (Flyball, 9LS, EV 80.6 MPH)
|
|
Batting: LHB Russ Orrick
|
0-0: Foul Ball, location: 2F 0-1: Ball 1-1: Ball 2-1: Called Strike 2-2: Ball 3-2: Foul Ball, location: 2F 3-2: SOLO HOME RUN (Flyball, 9D, EV 88.8 MPH) (Inside the Park)
|
|
Batting: RHB Tom Duggan
|
0-0: Swinging Strike 0-1: Foul Ball, location: 2F 0-2: Ball 1-2: Ground out 3-1 (Groundball, 34, EV 109.4 MPH)
|
| Bottom of the 4th over - 1 run, 1 hit, 0 errors, 0 left on base; Williston 2 - Bozeman 1 |
| TOP OF THE 5TH |
|
Williston Water Wolves batting - Pitching for Bozeman Pheasants : RHP Tim Dodd
|
|
Batting: RHB Mark Kaeterle
|
0-0: Fly out, F7 (Flyball, 7LS, EV 93.8 MPH)
|
|
Batting: RHB Gil Marquez
|
0-0: Swinging Strike 0-1: Called Strike 0-2: Ball 1-2: Ground out 4-3 (Groundball, 4, EV 86.9 MPH)
|
|
Batting: LHB John Turner
|
0-0: Ball 1-0: Ball 2-0: Ball 3-0: Base on Balls
|
|
Batting: RHB Tom Pagnozzi
|
0-0: Ball John Turner is caught stealing 2nd base 2-4
|
| Top of the 5th over - 0 runs, 0 hits, 0 errors, 0 left on base; Williston 2 - Bozeman 1 |
| BOTTOM OF THE 5TH |
|
Bozeman Pheasants batting - Pitching for Williston Water Wolves : LHP Steven Sitek
|
|
Batting: LHB Billy Fink
|
0-0: Ball 1-0: Ball 2-0: Ball 3-0: Base on Balls
|
|
Batting: RHB Greg Toler
|
0-0: Ball 1-0: Ball 2-0: Ball 3-0: Called Strike 3-1: Base on Balls Billy Fink to second
|
|
Batting: RHB Willie Picchioni
|
0-0: Called Strike 0-1: Sac Bunt to P - play at first, batter OUT! 1-3 Billy Fink to third Greg Toler to second
|
|
Batting: RHB John Duncan
|
0-0: Foul Ball, location: 2F 0-1: Called Strike 0-2: Ball 1-2: Ball 2-2: Strikes out swinging
|
|
Batting: RHB Thomas Fettig
|
0-0: Swinging Strike 0-1: Ball 1-1: Foul Ball, location: 2F 1-2: Foul Ball, location: 2F 1-2: SINGLE (Line Drive, 89S, EV 98.1 MPH) Billy Fink scores Greg Toler to third Runner from 3rd tries for Home, SAFE, throw by RF to home
|
|
Batting: LHB David Nix
|
0-0: Ball 1-0: Called Strike 1-1: Fielders Choice at 2nd, 6-4 (Groundball, 6, EV 105.6 MPH)
|
| Bottom of the 5th over - 2 runs, 1 hit, 0 errors, 1 left on base; Williston 2 - Bozeman 3 |
| TOP OF THE 6TH |
|
Williston Water Wolves batting - Pitching for Bozeman Pheasants : RHP Tim Dodd
|
|
Batting: RHB Tom Pagnozzi
|
0-0: Ball 1-0: Called Strike 1-1: Ball 2-1: Fly out, F8 (Flyball, 78M, EV 95.0 MPH)
|
|
Batting: RHB Pat Borders
|
0-0: Ball 1-0: DOUBLE (Groundball, 5L, EV 98.1 MPH)
|
|
Batting: SHB Devon White
|
0-0: SINGLE (Groundball, 4MD, EV 100.6 MPH) Pat Borders to third Runner from 3rd tries for Home, SAFE, throw by CF to home
|
|
Batting: RHB Paul Noce
|
0-0: Ball Devon White is caught stealing 2nd base 2-4 1-0: Ball 2-0: Called Strike 2-1: Foul Ball, location: 2F 2-2: Strikes out swinging
|
| Top of the 6th over - 1 run, 2 hits, 0 errors, 0 left on base; Williston 3 - Bozeman 3 |
| BOTTOM OF THE 6TH |
|
Bozeman Pheasants batting - Pitching for Williston Water Wolves : LHP Steven Sitek
|
|
Batting: LHB Steve Padia
|
0-0: Ball 1-0: Swinging Strike 1-1: Ball 2-1: Ball 3-1: Swinging Strike 3-2: Base on Balls
|
|
Batting: LHB Russ Orrick
|
0-0: Swinging Strike 0-1: Swinging Strike 0-2: Foul Ball, location: 2F 0-2: Ball 1-2: Strikes out looking
|
|
Batting: RHB Tom Duggan
|
0-0: Ball 1-0: Ball 2-0: Ball 3-0: Called Strike 3-1: Called Strike 3-2: Fielders Choice at 2nd, 4-6 (Groundball, 34, EV 104.4 MPH)
|
|
Batting: LHB Billy Fink
|
0-0: Fly out, F8 (Line Drive, 8RM, EV 93.1 MPH)
|
| Bottom of the 6th over - 0 runs, 0 hits, 0 errors, 1 left on base; Williston 3 - Bozeman 3 |
| TOP OF THE 7TH |
|
Williston Water Wolves batting - Pitching for Bozeman Pheasants : RHP Tim Dodd
|
|
Batting: LHB John Mitchell
|
0-0: Ball 1-0: Ball 2-0: Ball 3-0: Base on Balls
|
|
Batting: RHB Robby Thompson
|
0-0: Called Strike 0-1: Ball 1-1: Foul Ball, location: 2F 1-2: Foul Ball, location: 2F 1-2: Foul Ball, location: 2F 1-2: Strikes out swinging John Mitchell is caught stealing 2nd base 2-4 Batter strikes out.
|
|
Batting: RHB Mark Kaeterle
|
0-0: Called Strike 0-1: Ball 1-1: Ball 2-1: Swinging Strike 2-2: Fly out, F4 (Popup, 4MS, EV 71.9 MPH)
|
| Top of the 7th over - 0 runs, 0 hits, 0 errors, 0 left on base; Williston 3 - Bozeman 3 |
| BOTTOM OF THE 7TH |
|
Bozeman Pheasants batting - Pitching for Williston Water Wolves : LHP Steven Sitek
|
|
Pitching: RHP Marlon Hubbard
|
|
|
Batting: RHB Greg Toler
|
0-0: Fly out, F8 (Flyball, 8RS, EV 90.6 MPH)
|
|
Batting: RHB Willie Picchioni
|
0-0: Ball 1-0: Ball 2-0: Swinging Strike 2-1: Foul Ball, location: 2F 2-2: Foul Ball, location: 2F 2-2: Strikes out swinging, 2-3 out at first.
|
|
Batting: RHB John Duncan
|
0-0: Called Strike 0-1: SINGLE (Groundball, 6MD, EV 105.0 MPH)
|
|
Batting: RHB Thomas Fettig
|
0-0: Ball 1-0: Called Strike 1-1: Foul Ball, location: 2F 1-2: Ball 2-2: Strikes out swinging
|
| Bottom of the 7th over - 0 runs, 1 hit, 0 errors, 1 left on base; Williston 3 - Bozeman 3 |
| TOP OF THE 8TH |
|
Williston Water Wolves batting - Pitching for Bozeman Pheasants : RHP Tim Dodd
|
|
Batting: RHB Gil Marquez
|
0-0: Foul Ball, location: 2F 0-1: Fly out, F7 (Flyball, 78S, EV 78.1 MPH)
|
|
Batting: LHB John Turner
|
0-0: Ball 1-0: Ball 2-0: Swinging Strike 2-1: Ball 3-1: Base on Balls
|
|
Batting: RHB Tom Pagnozzi
|
0-0: Called Strike 0-1: Foul Ball, location: 2F 0-2: Ball John Turner steals 2nd base 1-2: Fly out, F7 (Flyball, 7LD, EV 102.5 MPH) Runner from 2nd tags up, SAFE at 3rd, no throw by LF
|
|
Batting: RHB Pat Borders
|
0-0: Ball 1-0: Ball 2-0: Ball 3-0: Called Strike 3-1: Foul Ball, location: 2F 3-2: Base on Balls
|
|
Batting: SHB Devon White
|
0-0: Ball 1-0: Ball 2-0: Ball 3-0: Called Strike 3-1: Base on Balls Pat Borders to second
|
|
Batting: RHB Paul Noce
|
0-0: DOUBLE (Groundball, 3L, EV 98.1 MPH) John Turner scores Pat Borders scores Devon White to third
|
|
Pitching: RHP Freddie Toliver
|
|
|
Batting: LHB John Mitchell
|
0-0: Ball 1-0: Ball 2-0: Foul Ball, location: 2F 2-1: Called Strike 2-2: Ball 3-2: Fly out, F9 (Flyball, 89M, EV 86.3 MPH)
|
| Top of the 8th over - 2 runs, 1 hit, 0 errors, 2 left on base; Williston 5 - Bozeman 3 |
| BOTTOM OF THE 8TH |
|
Bozeman Pheasants batting - Pitching for Williston Water Wolves : RHP Marlon Hubbard
|
|
Batting: LHB David Nix
|
0-0: Ball 1-0: Foul Ball, location: 2F 1-1: Foul Ball, location: 2F 1-2: Ball 2-2: Ball 3-2: Foul Ball, location: 2F 3-2: Ground out 4-3 (Groundball, 4, EV 86.9 MPH)
|
|
Batting: LHB Steve Padia
|
0-0: Foul Ball, location: 2F 0-1: Foul Ball, location: 2F 0-2: Ball 1-2: Ball 2-2: Foul Ball, location: 2F 2-2: Ball 3-2: Foul Ball, location: 2F 3-2: Foul Ball, location: 2F 3-2: Base on Balls
|
|
Batting: LHB Russ Orrick
|
0-0: Ball 1-0: Called Strike 1-1: Swinging Strike 1-2: Ball 2-2: Foul Ball, location: 2F 2-2: Strikes out looking
|
|
Batting: RHB Tom Duggan
|
0-0: Ball 1-0: Foul Ball, location: 2F 1-1: Ball 2-1: Foul Ball, location: 2F 2-2: Foul Ball, location: 2F 2-2: Strikes out swinging
|
| Bottom of the 8th over - 0 runs, 0 hits, 0 errors, 1 left on base; Williston 5 - Bozeman 3 |
| TOP OF THE 9TH |
|
Williston Water Wolves batting - Pitching for Bozeman Pheasants : RHP Freddie Toliver
|
|
Batting: RHB Robby Thompson
|
0-0: Ball 1-0: SINGLE (Line Drive, 56D, EV 97.5 MPH)
|
|
Batting: RHB Mark Kaeterle
|
0-0: Bunted foul 0-1: Ball 1-1: Bunted foul 1-2: Ball 2-2: Ball 3-2: Base on Balls Robby Thompson to second
|
|
Batting: RHB Gil Marquez
|
0-0: Bunt missed! 0-1: Bunted foul 0-2: Ball 1-2: Ball 2-2: Foul Ball, location: 2F 2-2: Ball 3-2: Base on Balls Robby Thompson to third Mark Kaeterle to second
|
|
Batting: LHB John Turner
|
0-0: SINGLE (Groundball, 4D, EV 105.6 MPH) Robby Thompson scores Mark Kaeterle to third Gil Marquez to second
|
|
Batting: RHB Tom Pagnozzi
|
0-0: DOUBLE (Line Drive, 78XD, EV 100.6 MPH) Mark Kaeterle scores Gil Marquez scores John Turner to third
|
|
Batting: RHB Pat Borders
|
0-0: Called Strike 0-1: Foul Ball, location: 2F 0-2: SINGLE (Flyball, 4D, EV 86.9 MPH) John Turner scores Tom Pagnozzi to third
|
|
Pitching: RHP Ian Stubberfield
|
|
|
Batting: SHB Devon White
|
0-0: Fly out, F8 (Line Drive, 8LD, EV 93.8 MPH) Runner from 3rd tags up, SCORES, throw by CF
|
|
Batting: RHB Paul Noce
|
0-0: Fielders Choice at 2nd, 4-6 (Groundball, 4S, EV 90.0 MPH)
|
|
Pinch Hitting: RHB Scott Kuvinka
|
0-0: Called Strike 0-1: Called Strike 0-2: Ball 1-2: Ground out 4-3 (Groundball, 4, EV 83.8 MPH)
|
| Top of the 9th over - 5 runs, 4 hits, 0 errors, 1 left on base; Williston 10 - Bozeman 3 |
| BOTTOM OF THE 9TH |
|
Bozeman Pheasants batting - Pitching for Williston Water Wolves : RHP Marlon Hubbard
|
|
Now in CF: Scott Kuvinka
|
|
|
Pinch Hitting: SHB Ronnie Jones
|
0-0: Ball 1-0: Ball 2-0: Foul Ball, location: 2F 2-1: Ball 3-1: Foul Ball, location: 2F 3-2: Foul Ball, location: 2F 3-2: Base on Balls
|
|
Pitching: LHP Felix Tejeda
|
|
|
Batting: RHB Greg Toler
|
0-0: Foul Ball, location: 2F 0-1: Foul Ball, location: 2F 0-2: Ball 1-2: Ball 2-2: Foul Ball, location: 2F 2-2: Foul Ball, location: 2F 2-2: Ball 3-2: SINGLE (Groundball, 4MD, EV 97.5 MPH) Ronnie Jones to second
|
|
Batting: RHB Willie Picchioni
|
0-0: Ball 1-0: Ball 2-0: Called Strike 2-1: Fly out, F8 (Flyball, 8LD, EV 100.0 MPH)
|
|
Pinch Hitting: RHB Kevin Burrell
|
0-0: Ball 1-0: SINGLE (Groundball, 6MD, EV 95.0 MPH) Ronnie Jones to third Greg Toler to second
|
|
Batting: RHB Thomas Fettig
|
0-0: Fly out, F9 (Flyball, 9, EV 95.6 MPH)
|
|
Batting: LHB David Nix
|
0-0: Fly out, F8 (Flyball, 78D, EV 80.0 MPH)
|
| Bottom of the 9th over - 0 runs, 2 hits, 0 errors, 3 left on base; Williston 10 - Bozeman 3 |
|